 Dungeon Crawl Stone Soup version 0.26.0-57-g60708a5e39 (webtiles) character file.

Game seed: 4923455789330206324

44 Gadfly the Cudgeller (level 3, -6/36 HPs)
             Began as an Ogre Gladiator on Feb 2, 2021.
             Mangled by Terence
             ... wielding a +0 mace
              (7 damage)
             ... on level 2 of the Dungeon.
             The game lasted 00:01:21 (1882 turns).

Gadfly the Cudgeller (Ogre Gladiator)               Turns: 1882, Time: 00:01:21

Health: -6/36      AC:  3    Str: 19    XL:     3   Next: 60%
Magic:  4/4        EV: 10    Int:  9    God:
Gold:   42         SH:  0    Dex: 10    Spells: 2/2 levels left

rFire    . . .     SeeInvis .   g - -1 spear (curse)
rCold    . . .     Faith    .   (no shield)
rNeg     . . .     Spirit   .   b - +0 robe
rPois    .         Reflect  .   c - +0 hat
rElec    .         Harm     .   (no cloak)
rCorr    .         Rampage  .   (gloves unavailable)
Will     .....                  (boots unavailable)
Stlth    +.........             (no amulet)
HPRegen  0.12/turn              (no ring)
MPRegen  0.09/turn              (no ring)

@: no status effects
A: large, unfitting armour, tough skin 1
a: no special abilities


You were on level 2 of the Dungeon.
You visited 1 branch of the dungeon, and saw 2 of its levels.

You collected 42 gold pieces.

Inventory:

Hand Weapons
 a - a +0 flail
 g - a cursed -1 spear (weapon)
Missiles
 d - 3 throwing nets
 h - 4 stones (quivered)
Armour
 b - a +0 robe (worn)
 c - a +0 hat (worn)
Scrolls
 f - 2 scrolls of enchant armour
Potions
 e - a potion of haste


   Skills:
 - Level 2.6 Fighting
 + Level 2.8 Maces & Flails
 + Level 2.2 Throwing
 * Level 1.1 Armour
 - Level 2.6 Dodging
 * Level 1.4 Invocations
 * Level 1.1 Evocations


You had 2 spell levels left.
You didn't know any spells.
Your spell library was empty.

Dungeon Overview and Level Annotations

Branches:
Dungeon (2/15)

Altars:

Annotations:
D:2 Terence


Innate Abilities, Weirdness & Mutations

You are too large for most types of armour.
You have tough skin. (AC +1)


Message History

You hit Terence but do no damage.
Terence is severely wounded.
Terence closely misses you.
You closely miss Terence.
Terence is severely wounded.
Terence closely misses you.
You hit Terence but do no damage.
Terence is severely wounded.
Terence barely misses you. Terence hits you with a +0 mace.
* * * LOW HITPOINT WARNING * * *
You hit Terence but do no damage.
Terence is severely wounded.
Terence closely misses you.
You hit Terence but do no damage.
Terence is severely wounded.
Terence hits you but does no damage. Terence hits you with a +0 mace.
* * * LOW HITPOINT WARNING * * *
Terence hits you with a +0 mace!
You die...

#.P##..........#
..#..........#
#..........###.
#..<...........
#..#.###.....#
##.#.......[.#. .
#.#........... ...
#.#.........#
.....###.#@..........
.......>.@#........##
#####.#######......#
.# #.###### P.. #.#
... #.# .. #.# . .#


You could see Terence (fast).

Vanquished Creatures
  An adder (D:2)
  2 oozes (D:1)
  A leopard gecko (D:2)
  5 hobgoblins (D:1)
  2 bats (D:1)
  3 frilled lizards (D:1)
  6 goblins (D:1)
  4 kobolds (D:1)
  2 rats (D:1)
26 creatures vanquished.

Notes
Turn   | Place    | Note
-------+----------+-------------------------------------------
     0 | D:1      | Gadfly the Ogre Gladiator began the quest for the Orb.
     0 | D:1      | Reached XP level 1. HP: 22/22 MP: 1/1
   557 | D:1      | Reached XP level 2. HP: 11/29 MP: 2/2
  1199 | D:1      | Reached skill level 1 in Invocations
  1356 | D:1      | Reached XP level 3. HP: 31/36 MP: 3/3
  1403 | D:1      | Reached skill level 1 in Armour
  1404 | D:1      | Reached skill level 1 in Evocations
  1857 | D:2      | Noticed Terence
  1880 | D:2      | HP: 1/36 [Terence/+0 mace (3)]
  1882 | D:2      | Mangled by Terence

Illustrated notes

Levels and vault maps discovered:
D:1:      dpeg_arrival_radiant, layout_loops_ring, st_stairs_11
D:2:      minmay_evil_eye, layout_basic, kennysheep_slug_shrine,
          serial_aquarium, aquarium_bridge_island_small
          [aquarium_subvault_small_water, aquarium_subvault_wall,
          aquarium_subvault_window, aquarium_subvault_bridge,
          aquarium_subvault_bridge], aquarium_window_1, aquarium_window_fake,
          aquarium_window_fake, aquarium_window_fake, aquarium_view_2d,
          minmay_misc_feat_secret_circle, uniq_sigmund, uniq_terence

Skill      XL: |  1  2  3 |
---------------+----------+-----
Invocations    | 1 |  1.4
Armour         | 1 |  1.1
Evocations     | 1 |  1.1
Fighting       | |  2.6
Maces & Flails | |  2.8
Throwing       | |  2.2
Dodging        | |  2.6

Action                   || total
-------------------------++-------
Melee: Flail             ||    29
       Spear             ||   104
  Use: Scroll            ||     4
Armor: Robe              ||    34
Dodge: Dodged            ||    63
